 Dungeon Crawl Stone Soup version 0.30.1-11-g7821555f0a (webtiles) character file.

Game seed: 17897233415718711781

10580 Mesedsure the Reanimator (level 11, -3/77 HPs)
             Began as a Demonspawn Necromancer on Dec 21, 2023.
             Was a High Priest of Nemelex Xobeh.
             Slain by a guardian serpent (10 damage)
             ... on level 2 of the Orcish Mines.
             The game lasted 00:58:49 (12356 turns).

Mesedsure the Reanimator (Demonspawn Necromancer)  Turns: 12356, Time: 00:58:51

Health: -3/77      AC:  6    Str: 22    XL:     11   Next: 38%
Magic:  0/30       EV: 13    Int: 22    God:    Nemelex Xobeh [*****.]
Gold:   575        SH:  0    Dex: 14    Spells: 5/24 levels left

rFire   x x .        r - +11 dagger "Faor" {drain, *Noise rF- rC+++ Str+8}
rCold   + + +        (no shield)
rNeg    + . .        f - +0 robe of Valiance {rF- rN+ Str+3}
rPois   .            (helmet unavailable)
rElec   .            (no cloak)
rCorr   .            (no gloves)
SInv    +            (no boots)
Will    .....        n - amulet of guardian spirit
Stlth   +++          q - +4 ring of protection
HPRegen 0.32/turn    u - ring of magical power
MPRegen 0.22/turn

%: guardian spirit
@: marked, elixired, slowed, very slow
A: antennae 3, ignite blood 1, big brain 2
a: Renounce Religion, Draw Escape, Draw Destruction, Draw Summoning, Triple
Draw, Deal Four, Stack Five


You were on level 2 of the Orcish Mines.
You worshipped Nemelex Xobeh.
Nemelex Xobeh was extremely pleased with you.
You visited 2 branches of the dungeon, and saw 11 of its levels.

You collected 1357 gold pieces.
You spent 782 gold pieces at shops.

Inventory:

Hand Weapons
 b - a +2 vampiric dagger
 p - a +3 heavy sling
 r - the +11 dagger "Faor" (weapon) {drain, *Noise rF- rC+++ Str+8}
   (You found it on level 4 of the Dungeon)

   Str:       It affects your strength (+8).
   rF:        It makes you vulnerable to fire.
   rC:        It renders you almost immune to cold.
   *Noise:    It may make noises in combat.
Missiles
 m - 2 curare-tipped darts
 t - 12 boomerangs (quivered)
Armour
 a - a +0 robe
 f - the +0 robe of Valiance (worn) {rF- rN+ Str+3}
   (You found it on level 2 of the Dungeon)

   Str:       It affects your strength (+3).
   rF:        It makes you vulnerable to fire.
   rN:        It protects you from negative energy.
Jewellery
 n - an amulet of guardian spirit (around neck)
 q - a +4 ring of protection (left hand)
 u - a ring of magical power (right hand)
 C - an amulet of reflection
 L - a +6 ring of strength
Wands
 y - a wand of mindburst (8)
 E - a wand of flame (11)
 F - a wand of digging (1)
 G - a wand of charming (14)
 H - a wand of iceblast (17)
 K - a wand of polymorph (8)
Scrolls
 c - 2 scrolls of teleportation
 g - 3 scrolls of brand weapon
 h - 5 scrolls of fog
 j - a scroll of butterflies
 v - a scroll of amnesia
 D - a scroll of vulnerability
Potions
 d - 3 potions of curing
 i - a potion of might
 k - a potion of resistance {unknown}
 l - 2 potions of flight
 o - 2 potions of cancellation
 s - a potion of ambrosia
 w - 2 potions of invisibility {unknown}
 x - 3 potions of degeneration {unknown}
 z - 3 potions of haste
 A - 3 potions of attraction
 B - a potion of brilliance {unknown}
 I - 2 potions of lignification
 J - a potion of berserk rage {unknown}


   Skills:
 * Level 4.0 Fighting
 * Level 3.7 Short Blades
 * Level 3.8 Ranged Weapons
 * Level 3.6 Throwing
 * Level 3.9 Armour
 * Level 4.2 Dodging
 * Level 4.4 Stealth
 * Level 7.0 Spellcasting
 * Level 8.8 Necromancy
 * Level 3.7 Transmutations
 * Level 3.5 Fire Magic
 * Level 3.4 Ice Magic
 * Level 3.7 Poison Magic
 * Level 4.9 Invocations
 * Level 3.0 Evocations


You had 5 spell levels left.
You knew the following spells:

 Your Spells              Type           Power      Damage    Failure   Level
a - Necrotise             Necr           100%       1d9       1%          1
b - Freeze                Ice            88%        1d9       1%          1
c - Vampiric Draining     Necr           46%        2d9       1%          3
d - Ignite Poison         Fire/Tmut/Pois 23%        N/A       5%          3
e - Animate Dead          Necr           46%        N/A       2%          4
f - Frozen Ramparts       Ice            44%        1d7       6%          3
g - Dispel Undead         Necr           46%        3d18      2%          4

Your spell library contained the following spells:

 Spells                   Type           Power      Damage    Failure   Level
 Kiss of Death            Conj/Necr      100%       2d13      1%          1
 Sublimation of Blood     Necr           46%        N/A       1%          2
 Cigotuvi's Dreadful Rot  Necr/Pois/Air  52%        N/A       2%          2
 Ozocubu's Armour         Ice            22%        N/A       6%          3
 Agony                    Necr           46%        N/A       6%          5
 Hailstorm                Conj/Ice       15%        3d5       12%         3
 Confusing Touch          Hex            7%         N/A       24%         3
 Petrify                  Tmut/Erth      15%        N/A       36%         4
 Irradiate                Conj/Tmut      7%         3d14      71%         5
 Metabolic Englaciation   Hex/Ice        7%         N/A       75%         5
 Freezing Cloud           Conj/Ice/Air   6%         6-21      82%         5
 Simulacrum               Ice/Necr       17%        N/A       71%         6


Dungeon Overview and Level Annotations

Branches:
Dungeon (9/15)             Temple (0/1) D:6             Orc (2/2) D:9
    Elf (0/3) Orc:2
   Lair: D:8-11

Altars:
Ashenzari
Cheibriados
Gozag
Hepliaklqana
Kikubaaqudgha
Nemelex Xobeh
Okawaru
Ru
Uskayaw
Vehumet
Xom
Yredelemnul

Shops:
D:2 (   D:4 =   D:5 ?*!:!   D:7 *:   D:9 (   Orc:2 [(:!


Innate Abilities, Weirdness & Mutations

You have a pair of large antennae on your head. (SInv)
Your demonic aura sometimes causes spilled blood to erupt in flames.
You have an extremely huge brain. (Int +4)


Message History

The orc hits you but does no damage. The centaur barely misses you. x2
The guardian serpent closely misses you.
The killer bee misses you.
An orc comes into view. It is wielding a +0 arbalest.
An orc wizard comes into view. It is wielding a +0 dagger. x2
The orc barely misses you. The centaur completely misses you.
The centaur closely misses you.
You draw a card...
You have drawn the Cloud.
Clouds appear around you! The guardian serpent barely misses you.
The warg closely misses you.
The killer bee stings you but does no damage.
The centaur hits you. The centaur kicks you. The guardian serpent hits you.
* * * LOW HITPOINT WARNING * * *
The warg bites you but does no damage.
The orc warrior hits you from afar with a +0 halberd!!
* * * LOW HITPOINT WARNING * * *
The orc closely misses you. The killer bee closely misses you.
The centaur misses you. The centaur barely misses you.
Unknown command.
Okay, then.
You feel better.
The killer bee is no longer moving slowly.
The guardian serpent hits you.
* * * LOW HITPOINT WARNING * * *
The warg bites you!
* * * LOW HITPOINT WARNING * * *
The centaur hits you.
* * * LOW HITPOINT WARNING * * *
The centaur kicks you but does no damage.
The killer bee stings you but does no damage.
The orc jeers loudly, as Orcs often do.
The orc warrior shoots a bolt.
The bolt hits you.
* * * LOW HITPOINT WARNING * * *
The orc warrior barely misses you. The guardian serpent misses you.
The warg closely misses you. The centaur closely misses you.
The centaur kicks you.
* * * LOW HITPOINT WARNING * * *
The killer bee barely misses you. The orc warrior closely misses you.
The guardian serpent hits you!
You die...
Your body glows slightly and disappears.

....≈≈≈≈#####≈≈≈≈..............##
......≈≈≈# #≈≈≈..........#......
.......≈≈# #≈≈..........##.....##
##..##...###...##..##..##.....
.........o{................... .
..... .................... . ....
.....§o§§§.......... .. ...
....§ocoy§..........
o{.{§oh@§o§{o.......
o{o{.§So§ooo).......
o){..§§§§§§......o..
.o.........§........
..............> ..{............
.o............. ...............


You could see a guardian serpent (misshapen), a warg, 3 orc warriors, a centaur,
a killer bee (misshapen), an orc wizard and 3 orcs.

Vanquished Creatures
  An orc sorcerer (Orc:2)
  2 trolls
  A hornet (D:9)
  A wyvern (D:9)
  A wraith (D:9)
  2 humans (D:7)
  3 steam dragons
  2 wargs
  3 vampire mosquitoes (D:9)
  A naga (D:6)
  An acid dragon (D:8)
  2 water moccasins
  Duvessa (D:6)
  A sky beast (D:6)
  2 black bears
  18 orc warriors
  An ice beast (D:6)
  4 ogres
  7 centaurs
  3 phantoms
  3 bullfrogs
  4 scorpions
  7 wights
  14 killer bees
  2 howler monkeys
  2 hounds
  3 jellies
  8 orc priests
  A gnoll bouda (D:5)
  An iguana (D:4)
  Terence (D:3)
  9 orc wizards
  A mummy (D:9)
  9 gnolls
  12 adders
  A gnoll (shapeshifter) (D:7)
  A worm (D:4)
  A dart slug (D:4)
  46 orcs
  A ball python (shapeshifter) (D:7)
  9 ball pythons
  2 endoplasms
  2 giant cockroaches (D:4)
  10 hobgoblins
  9 jackals
  6 quokkas
  6 bats (D:1)
  2 frilled lizards
  16 goblins
  9 kobolds
  3 orc zombies (Orc:2)
  2 rats (D:2)
260 creatures vanquished.

Vanquished Creatures (collateral kills)
  The ghost of PlopperPlops the Cleaver, a novice HOMo of Beogh (D:6)
  A steam dragon (D:9)
  3 orc warriors (Orc:2)
  A black bear (D:7)
  The ghost of ritesign the Conjurer, an amateur DECj (D:3)
  Dowan (D:6)
  2 killer bees (D:8)
  An orc priest (D:9)
  An adder (D:4)
  4 orcs
  An endoplasm (D:1)
  A kobold (D:2)
  A ball python (D:1)
  A bat (D:1)
  A rat (D:2)
21 creatures vanquished.

Vanquished Creatures (others)
  A troll zombie (Orc:2)
  A bullfrog zombie (D:6)
  A scorpion zombie (D:6)
  2 orc wizards
  A naga zombie (D:6)
  A goblin zombie (D:9)
  A hobgoblin zombie (D:9)
  7 orc zombies
15 creatures vanquished.

Grand Total: 296 creatures vanquished

Notes
Turn   | Place    | Note
-------+----------+-------------------------------------------
     0 | D:1      | Mesedsure the Demonspawn Necromancer began the quest for
                  | the Orb.
     0 | D:1      | Reached XP level 1. HP: 13/13 MP: 3/3
   127 | D:1      | Gained mutation: You have a pair of small antennae on your
                  | head. [demonic ancestry]
   127 | D:1      | Reached XP level 2. HP: 17/19 MP: 0/5
   261 | D:2      | Reached skill level 5 in Necromancy
   356 | D:2      | Found Plog's Weapon Emporium.
   407 | D:2      | Learned a level 1 spell: Freeze
   422 | D:2      | Gained mutation: Your demonic aura sometimes causes spilled
                  | blood to erupt in flames. [demonic ancestry]
   422 | D:2      | Reached XP level 3. HP: 24/24 MP: 6/6
   432 | D:2      | Learned a level 3 spell: Vampiric Draining
   437 | D:2      | Identified the +0 robe of Valiance {rF- rN+ Str+3}
   639 | D:3      | Found a sparkling altar of Nemelex Xobeh.
   705 | D:3      | Became a worshipper of Nemelex Xobeh the Trickster
   827 | D:3      | Noticed Terence
   844 | D:3      | Killed Terence
   845 | D:3      | Gained mutation: You have a pair of antennae on your head.
                  | [demonic ancestry]
   845 | D:3      | Reached XP level 4. HP: 30/31 MP: 0/7
   937 | D:3      | Found a hazy altar of Hepliaklqana.
   940 | D:3      | Found a faded altar of an unknown god.
  1023 | D:3      | Found a runed translucent door.
  1024 | D:3      | Noticed ritesign's ghost (amateur DECj)
  1305 | D:3      | Learned a level 3 spell: Ignite Poison
  1866 | D:2      | Found an iron altar of Okawaru.
  1959 | D:2      | Found a faded altar of an unknown god.
  2182 | D:1      | Reached * piety under Nemelex Xobeh
  2472 | D:1      | Received a gift from Nemelex Xobeh
  2726 | D:1      | You fall into a shaft and drop 1 floor!
  2971 | D:3      | Killed ritesign's ghost
  2972 | D:3      | Reached skill level 1 in Fighting
  2972 | D:3      | Reached skill level 1 in Armour
  2972 | D:3      | Reached XP level 5. HP: 37/37 MP: 9/9
  3023 | D:4      | Found Tingoud's Jewellery Shop.
  3071 | D:4      | Identified the +11 dagger "Faor" {drain, *Noise rF- rC+++
                  | Str+8}
  3091 | D:4      | Found a radiant altar of Vehumet.
  3339 | D:4      | Found a broken altar of Ashenzari.
  3359 | D:4      | Reached skill level 1 in Short Blades
  3359 | D:4      | Reached skill level 1 in Ice Magic
  3359 | D:4      | Reached skill level 1 in Invocations
  3359 | D:4      | Gained mutation: You have an unusually large brain. (Int
                  | +2) [demonic ancestry]
  3359 | D:4      | Reached XP level 6. HP: 28/43 MP: 2/10
  3514 | D:4      | Reached skill level 1 in Poison Magic
  3623 | D:4      | Reached skill level 1 in Transmutations
  3647 | D:4      | Reached skill level 1 in Throwing
  4016 | D:4      | Reached skill level 1 in Fire Magic
  4107 | D:4      | Reached skill level 1 in Ranged Weapons
  4107 | D:4      | Reached XP level 7. HP: 48/48 MP: 7/12
  4158 | D:4      | Found an opulent altar of Gozag.
  4317 | D:4      | Learned a level 4 spell: Animate Dead
  4485 | D:4      | Bought a ring of magical power for 260 gold pieces
  4543 | D:5      | Entered Level 5 of the Dungeon
  4612 | D:5      | Received a gift from Nemelex Xobeh
  4644 | D:5      | Reached ** piety under Nemelex Xobeh
  4695 | D:5      | Found Okowkid's Book Shoppe.
  4698 | D:5      | Reached skill level 6 in Necromancy
  4747 | D:5      | Gained mutation: You have a pair of large antennae on your
                  | head. (SInv) [demonic ancestry]
  4747 | D:5      | Reached XP level 8. HP: 43/56 MP: 7/14
  5192 | D:5      | Found Kaegec's Magic Scroll Shop.
  5205 | D:5      | Bought a scroll of identify for 26 gold pieces
  5205 | D:5      | Bought a scroll of identify for 26 gold pieces
  5205 | D:5      | Bought a scroll of identify for 26 gold pieces
  5286 | D:5      | Found Weonlyimo's Assorted Antiques.
  5295 | D:5      | Bought a fluorescent wand for 116 gold pieces
  5355 | D:5      | Learned a level 3 spell: Frozen Ramparts
  5546 | D:5      | Found Ynic Cow's Distillery.
  5553 | D:5      | Bought a potion of curing for 33 gold pieces
  5592 | D:5      | Found Ulablad's Distillery.
  5888 | D:6      | Found a hide-covered altar of Uskayaw.
  5918 | D:6      | Received a gift from Nemelex Xobeh
  5922 | D:6      | Noticed Edmund
  5930 | D:6      | Edmund changed into Edmund the scorpion
  5930 | D:6      | Noticed Edmund
  5938 | D:6      | Killed Edmund the scorpion
  5991 | D:6      | Found a runed translucent door.
  5999 | D:6      | Noticed PlopperPlops's ghost (novice HOMo)
  6016 | D:6      | Your ally Edmund died
  6048 | D:6      | Killed PlopperPlops's ghost
  6049 | D:6      | Reached skill level 1 in Evocations
  6049 | D:6      | Reached XP level 9. HP: 25/62 MP: 4/16
  6246 | D:6      | Reached skill level 5 in Spellcasting
  6404 | D:6      | Noticed Duvessa
  6405 | D:6      | Noticed Dowan
  6424 | D:6      | Killed Dowan
  6428 | D:6      | Killed Duvessa
  6440 | D:6      | Reached *** piety under Nemelex Xobeh
  6835 | D:6      | Found an opulent altar of Gozag.
  6876 | D:6      | Found a staircase to the Ecumenical Temple.
  7734 | D:7      | Found an iron altar of Okawaru.
  7742 | D:7      | Reached skill level 7 in Necromancy
  7901 | D:7      | Found Upryshri's General Store.
  7909 | D:7      | Bought a potion of lignification for 42 gold pieces
  7909 | D:7      | Bought a scroll of identify for 28 gold pieces
  7934 | D:7      | Found Udem's Vocational Training.
  7937 | D:7      | Received a gift from Nemelex Xobeh
  7943 | D:7      | Found a shimmering altar of Xom.
  7948 | D:7      | Found a shimmering altar of Xom.
  7949 | D:7      | Found a shimmering altar of Xom.
  7950 | D:7      | Found a shimmering altar of Xom.
  7951 | D:7      | Found a shimmering altar of Xom.
  7952 | D:7      | Found a shimmering altar of Xom.
  7952 | D:7      | Found a shimmering altar of Xom.
  8092 | D:7      | Reached **** piety under Nemelex Xobeh
  8482 | D:8      | Reached XP level 10. HP: 70/70 MP: 18/18
  9073 | D:8      | Received a gift from Nemelex Xobeh
  9107 | D:8      | Found a sacrificial altar of Ru.
  9195 | D:8      | Learned a level 4 spell: Dispel Undead
  9271 | D:8      | Reached ***** piety under Nemelex Xobeh
  9306 | D:8      | Found an ancient bone altar of Kikubaaqudgha.
  9689 | D:9      | Found a snail-covered altar of Cheibriados.
  9696 | D:9      | Found Nefymath's Weapon Shoppe.
  9870 | D:9      | Found a basalt altar of Yredelemnul.
 10150 | D:9      | Reached skill level 8 in Necromancy
 10173 | D:9      | Found a staircase to the Orcish Mines.
 10174 | D:9      | Received a gift from Nemelex Xobeh
 10861 | Orc:1    | Entered Level 1 of the Orcish Mines
 11015 | Orc:2    | Entered Level 2 of the Orcish Mines
 11085 | Orc:2    | Noticed an orc sorcerer
 11088 | Orc:2    | Noticed a sun demon
 11095 | Orc:2    | Killed an orc sorcerer
 11096 | Orc:2    | Gained mutation: You have an extremely huge brain. (Int +4)
                  | [demonic ancestry]
 11096 | Orc:2    | Reached XP level 11. HP: 60/76 MP: 5/21
 11287 | Orc:2    | Noticed an orc sorcerer
 11763 | Orc:2    | HP: 2/76 [orc warrior/boomerang (6)]
 11791 | Orc:2    | HP: 3/76 [orc warrior/bolt (14)]
 12259 | Orc:2    | Found Cuas's Book Shop.
 12259 | Orc:2    | Found Duhyumubi's Antique Weapon Emporium.
 12261 | Orc:2    | Found Teosoyf's Antique Armour Shoppe.
 12263 | Orc:2    | Found Kiug's Distillery.
 12269 | Orc:2    | Bought a potion of might for 60 gold pieces
 12269 | Orc:2    | Bought a potion of curing for 45 gold pieces
 12269 | Orc:2    | Bought a potion of ambrosia for 120 gold pieces
 12291 | Orc:2    | Noticed an orc knight
 12305 | Orc:2    | Received a gift from Nemelex Xobeh
 12342 | Orc:2    | Found a staircase to the Elven Halls.
 12347 | Orc:2    | an orc sorcerer changed into a guardian serpent
 12347 | Orc:2    | an orc knight changed into a guardian serpent
 12353 | Orc:2    | Noticed an orc high priest
 12356 | Orc:2    | Slain by a guardian serpent

Illustrated notes

Levels and vault maps discovered:
D:1:      tarquinn_simple_flora_water_e, layout_rooms
D:2:      layout_loops_ring, basic_ecumenical_altar, serial_shops, shop,
          basic_altar
D:3:      layout_loops_ring, beargit_hepliaklqana_dungeon_heroes,
          mainiacjoe_overflow_brackets, gammafunk_ghost_grave, uniq_terence
D:4:      minmay_polygon_palace, layout_basic, lemuel_tele_altar,
          cheibrodos_ashenzari_chains, serial_glass, glass_columns_b,
          glass_columns_c, nicolae_stop_n_shop_1, minmay_ruined_shrine
D:5:      layout_loops_corners, serial_shops, nicolae_shop_behind_doors,
          nicolae_shop_rolling_square, kennysheep_mini, nicolae_shop_crystal,
          nicolae_shop_hallway_plus
D:6:      layout_layer_cave, old_standard_altar,
          grunt_temple_overflow_gold_and_silver, minmay_temple_entry_junction_2,
          ebering_ghost_sewer_d, uniq_edmund, uniq_duvessa
D:7:      layout_loops_cross, okawaru_humans, xom_shifter_show, serial_shops,
          shop_fountains, chequers_arboretum, hangedman_decor_slide_cut,
          nicolae_shop_vocational
D:8:      layout_gridville, mainiacjoe_overflow_alcove_1,
          nicolae_ru_sacrificial_ziggurat
D:9:      layout_rooms, kennysheep_ying_yang, slow_altar_1,
          mainiacjoe_overflow_24_doors, erik_orc_3, nicolae_stop_n_shop_1
Orc:1:    layout_caves, gammafunk_ghost_wrathful_warriors
Orc:2:    st_orc_rangers, layout_diamond_mine

Skill      XL: |  1  2  3  4  5  6  7  8  9 10 11 |
---------------+----------------------------------+-----
Necromancy     | 5 6 7 8 |  8.8
Stealth        | 2 3 4 |  4.4
Dodging        | 2 3 4 |  4.2
Fighting       | 1 2 3 4 |  4.0
Armour         | 1 2 3 |  3.9
Spellcasting   | 3 4 5 6 7 |  7.0
Short Blades   | 1 2 3 |  3.7
Ice Magic      | 1 2 3 |  3.4
Invocations    | 1 2 3 4 |  4.9
Poison Magic   | 1 2 3 |  3.7
Transmutations | 1 2 3 |  3.7
Throwing       | 1 2 3 |  3.6
Fire Magic     | 1 2 3 |  3.5
Ranged Weapons | 1 2 3 |  3.8
Evocations     | 1 2 3 |  3.0

Action                     |  1- 3 |  4- 6 |  7- 9 | 10-12 || total
---------------------------+-------+-------+-------+-------++-------
  Melee: Unarmed           |     1 |       |       |       ||     1
         Dagger            |    27 |   107 |   122 |    76 ||   332
         Punch             |       |       |     2 |       ||     2
   Fire: Sling             |       |     2 |       |       ||     2
  Throw: Dart              |       |     1 |    11 |    16 ||    28
         Boomerang         |       |       |       |    19 ||    19
   Cast: Necrotise         |    16 |     8 |    10 |     6 ||    40
         Freeze            |     8 |    21 |     5 |     1 ||    35
         Vampiric Draining |     7 |    21 |    47 |    80 ||   155
         Animate Dead      |       |       |     4 |     4 ||     8
         Frozen Ramparts   |       |       |     1 |     3 ||     4
         Dispel Undead     |       |       |       |     7 ||     7
 Invoke: Draw Summoning    |       |     1 |     4 |     6 ||    11
         Draw Destruction  |       |     2 |     7 |     5 ||    14
         Draw Escape       |       |       |       |     6 ||     6
  Evoke: Wand              |       |       |     8 |    11 ||    19
    Use: Scroll            |     1 |     1 |    11 |     9 ||    22
         Potion            |     1 |     1 |     1 |     8 ||    11
   Stab: Sleeping          |     4 |     4 |     4 |     1 ||    13
 Armour: Robe              |     2 |    34 |    46 |    73 ||   155
  Dodge: Dodged            |    29 |   111 |    96 |   238 ||   474
